 Dungeon Crawl Stone Soup version 0.30-a0-459-g9104f0fc43 (webtiles) character file.

Game seed: 17882881353161262499

30294 Strat the Fighter (level 14, -2/132 HPs)
             Began as a Meteoran Warper on Dec 15, 2022.
             Was a High Priest of Wu Jian.
             Slain by a black mamba (8 damage)
             ... on level 5 of the Lair of Beasts.
             The game lasted 00:37:28 (6507 turns).

Strat the Fighter (Meteoran Warper)                 Turns: 6507, Time: 00:37:28

Health: -2/132     AC: 11    Str: 18    XL:     14   Next: 21%
Magic:  24/24      EV: 20    Int: 18    God:    Wu Jian [*****.]
Gold:   786        SH:  0    Dex: 17    Spells: 13/25 levels left

rFire   . . .      SeeInvis +    a - +9 long sword of Jiefo {flame, Str+6}
rCold   . . .      Faith    .    (no shield)
rNeg    . . .      Spirit   .    r - +1 ring mail {rPois}
rPois   +          Reflect  .    q - +2 helmet
rElec   .          Harm     .    (no cloak)
rCorr   .          Rampage  .    (no gloves)
Will    +....                    (no boots)
Stlth   +.........               (no amulet)
HPRegen 0.42/turn                v - ring of see invisible
MPRegen 0.19/turn                x - +4 ring of evasion

@: glowing, studying Ranged Weapons, very slow
A: sense surroundings 2, otherworldly, glowing, explore regen
a: Renounce Religion, Wall Jump, Serpent's Lash, Heavenly Storm


You were on level 5 of the Lair of Beasts.
You worshipped Wu Jian.
Wu Jian was extremely pleased with you.
You visited 3 branches of the dungeon, and saw 14 of its levels.

You collected 786 gold pieces.

Inventory:

Hand Weapons
 a - the +9 long sword of Jiefo (weapon) {flame, Str+6}
   (You found it on level 2 of the Dungeon)

   It burns those it strikes, dealing additional fire damage.
   Big, fiery blades are also staple armaments of hydra-hunters.
   Str:       It affects your strength (+6).
 n - a +0 falchion
 y - a +6 scimitar of freezing
Missiles
 d - 7 boomerangs of dispersal (quivered)
Armour
 b - a +0 leather armour
 q - a +2 helmet (worn)
 r - a +1 ring mail of poison resistance (worn)
 A - the +2 cloak "Fian Vuts" {rF- Will++ Regen+ SInv}
   (You found it on level 3 of the Lair of Beasts)

   rF:        It makes you vulnerable to fire.
   SInv:      It lets you see invisible.
   Regen:     It increases your rate of health regeneration.
   Will:      It greatly increases your willpower.
Jewellery
 v - a ring of see invisible (left hand)
 x - a +4 ring of evasion (right hand)
 E - an amulet of guardian spirit
Wands
 j - a wand of roots (6)
 w - a wand of charming (10)
 z - a wand of flame (5)
 B - a wand of digging (7)
 D - a wand of quicksilver (3)
Scrolls
 c - 4 scrolls of immolation
 h - 2 scrolls of poison
 t - a scroll of teleportation
 C - a scroll of enchant weapon
Potions
 e - a potion of haste
 g - 2 potions of magic
 i - 3 potions of lignification
 k - a potion of cancellation {unknown}
 l - 6 potions of brilliance
 m - 3 potions of curing
 o - a potion of flight
 p - a potion of mutation {unknown}
 s - 3 potions of degeneration
 u - 2 potions of attraction {unknown}


   Skills:
 + Level 14.1 Fighting
 - Level 14.0 Long Blades
 - Level 1.2 Throwing
 - Level 10.0 Armour
 - Level 10.0 Dodging
 - Level 6.0 Spellcasting
 - Level 10.0 Translocations
 - Level 4.0 Air Magic


You had 13 spell levels left.
You knew the following spells:

 Your Spells              Type           Power      Damage    Failure   Level
a - Blink                 Tloc           82%        N/A       1%          2
b - Vhi's Electric Charg  Tloc/Air       60%        N/A       3%          3
c - Lesser Beckoning      Tloc           82%        N/A       1%          3
d - Manifold Assault      Tloc           41%        N/A       3%          4

Your spell library contained the following spells:

 Spells                   Type           Power      Damage    Failure   Level
 Apportation              Tloc           82%        N/A       1%          1
 Teleport Other           Tloc           41%        N/A       1%          3
 Kindle Blastsparks       Fire/Tloc/Air  44%        2d13      9%          3
 Poisonous Vapours        Pois/Air       24%        N/A       12%         2
 Cigotuvi's Dreadful Rot  Necr/Pois/Air  20%        N/A       17%         2
 Necrotise                Necr           20%        1d5       19%         1
 Summon Small Mammal      Summ           20%        N/A       19%         1
 Sublimation of Blood     Necr           5%         N/A       28%         2
 Mephitic Cloud           Conj/Pois/Air  10%        N/A       32%         3
 Ignite Poison            Fire/Tmut/Pois 5%         N/A       50%         3
 Vampiric Draining        Necr           5%         2d6       50%         3
 Petrify                  Tmut/Erth      5%         N/A       88%         4
 Freezing Cloud           Conj/Ice/Air   5%         6-21      97%         5
 Agony                    Necr           5%         N/A       99%         5
 Irradiate                Conj/Tmut      2%         3d12      99%         5
 Metabolic Englaciation   Hex/Ice        2%         N/A       99%         5
 Statue Form              Tmut/Erth      3%         N/A       100%        6


Dungeon Overview and Level Annotations

Branches:
Dungeon (8/15) Zot: 1338   Temple (1/1) D:4 Zot: 410    Lair (5/5) D:8 Zot: 315
 Spider (0/4) Lair:3        Slime (0/5) Lair:5
  Swamp: Lair:2-3    Shoals: Lair:2-3

Altars:
Ashenzari
Cheibriados
Dithmenos
Elyvilon
Hepliaklqana
Kikubaaqudgha
Makhleb
Nemelex Xobeh
Ru
Sif Muna
Uskayaw
Vehumet
Wu Jian
Xom
Zin
The Shining One

Shops:
D:1 *   D:8 ?

Annotations:
D:1 2 transporters
D:2 Sigmund
D:8 2 transporters, bchevrier's ghost, novice GnWn
Lair:1 3 runed translucent doors, Nergalle; zishaf's ghost, journeyman TeAE


Innate Abilities, Weirdness & Mutations

You passively map the area around you.
You are easily found by Zot.
You glow in the dark.
You regain HP and MP as you explore.


Message History

The merfolk avatar chants its luring song.
You cannot move away from the merfolk avatar!
As you read the scroll of fog, it crumbles to dust.
The scroll dissolves into smoke.
The merfolk avatar chants its luring song.
You hear a trumpeting!
You slice the death yak!! You burn the death yak!
The death yak is severely wounded.
Your unstable footing causes you to fumble your attack.
The pull of its song draws you forwards.
An elephant comes into view.
The cane toad stings you!
* * * LOW HITPOINT WARNING * * *
The merfolk avatar chants its luring song.
You hear an angry hiss.
You cannot move away from something!
You slash the death yak! You burn the death yak. You punch the death yak.
The death yak is almost dead.
You are no longer entranced.
The death yak gores you!
* * * LOW HITPOINT WARNING * * *
You hit the death yak. You burn the death yak.
The death yak is almost dead.
The cane toad stings you!!
* * * LOW HITPOINT WARNING * * *
The death yak gores you but does no damage.
The black mamba hisses angrily.
You hear a trumpeting!
You slash the death yak! You burn the death yak.
You kill the death yak!
The Council accepts your kill.
The cane toad stings you but does no damage.
The merfolk avatar chants a haunting song.
You resist.
Your Fighting skill increases to level 14!
You slash the death yak! You burn the death yak.
The death yak is moderately wounded.
The death yak barely misses you. The cane toad stings you!
* * * LOW HITPOINT WARNING * * *
The black mamba bites you!
You die...

#.......# #.....###......#
##.....### #.Y....####.....
#......# #.....## #P.....
##.....# ##....# ###....#
##.....######Y....# #.......
#........§§#§.....# ###....#
##.......§§§§§.....~##......
#....~~§§§§Y§...~~~~..~.~.~
#....##§§#@§§~#~~##~.##~~#~
#....~#§§S§F~##~~#~~~*#~~#~
#...~~~~§§§m§§.~~~~~~.~P~~~
#....~.~~#~~~~#~.#~#~~#~~~~
##...#~~.#~~P~.~~~~~~~#~~##
#..S##~~#Y#~#~~8 #~# #~~##
*...~~~~~#~~~~~~~~~~ #~~~~
.....~~~~###..~~~* ~~ ~~ *
...##~~* ~, ~ ~ ##


You could see a merfolk avatar, a death yak, a black mamba and a cane toad.

Vanquished Creatures
  Nessos (Lair:5)
  A dire elephant (Lair:5)
  A catoblepas (Lair:5)
  A death yak (Lair:5)
  2 sea snakes (Lair:5)
  A harpy (Lair:5)
  A manticore (Lair:5)
  4 black mambas
  17 elephants
  5 cane toads
  Maggie (D:7)
  A torpor snail (Lair:3)
  8 komodo dragons
  4 rime drakes
  A troll (D:8)
  A meliai (Lair:3)
  2 polar bears (Lair:5)
  5 blink frogs (Lair:2)
  2 snapping turtles (Lair:5)
  Prince Ribbit (D:6)
  4 dream sheep (Lair:1)
  18 yaks
  Eustachio (D:6)
  7 wyverns
  A steam dragon (Lair:5)
  Edmund (D:6)
  12 water moccasins
  An orc warrior (D:8)
  2 sky beasts
  2 ice beasts
  11 wolves
  3 ogres
  A phantom (D:6)
  4 centaurs
  A kobold brigand (D:7)
  9 bullfrogs
  A gnoll sergeant (D:8)
  2 scorpions
  10 wights
  8 killer bees
  6 howler monkeys
  3 electric eels
  8 hounds
  4 jellies
  4 orc priests
  2 gnoll boudas
  2 iguanas
  4 orc wizards
  Natasha (D:2)
  Robin (D:3)
  8 adders
  21 gnolls
  A shadow imp (D:6)
  2 white imps (D:6)
  2 ufetubi
  2 worms
  28 orcs
  3 bats
  7 endoplasms
  2 giant cockroaches
  16 goblins
  8 hobgoblins
  A quokka (D:1)
  10 ball pythons
  A frilled lizard (D:3)
  8 kobolds
  4 rats
318 creatures vanquished.

Vanquished Creatures (collateral kills)
  An elephant (Lair:2)
  A gnoll (D:8)
2 creatures vanquished.

Vanquished Creatures (others)
  An elephant (Lair:2)
  A dream sheep (Lair:1)
  An electric eel (D:8)
  34 fungi
  75 plants
112 creatures vanquished.

Grand Total: 432 creatures vanquished

Notes
Turn   | Place    | Note
-------+----------+-------------------------------------------
     0 | D:1      | Strat the Meteoran Warper began the quest for the Orb.
     0 | D:1      | Reached XP level 1. HP: 17/17 MP: 5/5
    64 | D:1      | Reached XP level 2. HP: 23/24 MP: 6/6
   194 | D:1      | Reached XP level 3. HP: 29/29 MP: 8/8
   233 | D:1      | Found Buda's General Store.
   386 | D:2      | Reached XP level 4. HP: 27/36 MP: 9/9
   406 | D:2      | Learned a level 2 spell: Blink
   442 | D:2      | Identified the +9 long sword of Jiefo {flame, Str+6}
   447 | D:2      | Noticed Sigmund
   476 | D:3      | Reached skill level 5 in Long Blades
   520 | D:3      | Reached XP level 5. HP: 35/41 MP: 10/10
   601 | D:3      | Found a faded altar of an unknown god.
   629 | D:3      | Noticed Robin
   653 | D:3      | Killed Robin
   765 | D:2      | Noticed Natasha
   781 | D:2      | Killed Natasha
   782 | D:2      | Reached XP level 6. HP: 41/48 MP: 11/11
  1251 | D:4      | Learned a level 3 spell: Vhi's Electric Charge
  1255 | D:4      | Learned a level 3 spell: Lesser Beckoning
  1331 | D:4      | Noticed an ogre
  1335 | D:4      | Killed an ogre
  1336 | D:4      | Reached XP level 7. HP: 52/57 MP: 12/12
  1577 | D:4      | Found a staircase to the Ecumenical Temple.
  1620 | Temple   | Entered the Ecumenical Temple
  1735 | Temple   | Became a worshipper of the Wu Jian Council
  1826 | D:5      | Entered Level 5 of the Dungeon
  1832 | D:5      | Reached XP level 8. HP: 50/66 MP: 13/13
  2185 | D:5      | Reached skill level 5 in Fighting
  2185 | D:5      | Reached skill level 5 in Armour
  2233 | D:6      | Found a glowing silver altar of Zin.
  2247 | D:6      | Noticed Eustachio
  2255 | D:6      | Killed Eustachio
  2274 | D:6      | Noticed Prince Ribbit
  2276 | D:6      | Noticed Edmund
  2321 | D:6      | Reached * piety under Wu Jian
  2322 | D:6      | Gained mutation: You passively map the area around you.
                  | [Meteoran growth]
  2322 | D:6      | Reached XP level 9. HP: 74/74 MP: 14/14
  2328 | D:6      | Reached skill level 10 in Long Blades
  2395 | D:6      | Reached skill level 5 in Translocations
  2415 | D:6      | Killed Prince Ribbit
  2436 | D:6      | Found a snail-covered altar of Cheibriados.
  2596 | D:6      | Killed Edmund
  2660 | D:7      | Learned a level 4 spell: Manifold Assault
  2779 | D:7      | Reached XP level 10. HP: 72/81 MP: 15/15
  2813 | D:7      | Noticed Maggie
  2858 | D:7      | Killed Maggie
  3004 | D:7      | Reached ** piety under Wu Jian
  3374 | D:8      | Found a transporter.
  3392 | D:8      | Noticed bchevrier's ghost (novice GnWn)
  3393 | D:8      | Found a transporter.
  3395 | D:8      | Identified the +6 dire flail "Pasaitt" {vorpal, *Corrode
                  | *Slow rElec Will+++}
  3511 | D:8      | Reached skill level 10 in Translocations
  3557 | D:8      | Reached XP level 11. HP: 59/86 MP: 12/16
  3566 | D:8      | Found a staircase to the Lair.
  3582 | D:8      | Reached *** piety under Wu Jian
  3601 | D:8      | Reached skill level 1 in Air Magic
  3637 | D:8      | Found Luastrukh's Magic Scroll Shop.
  3675 | Lair:1   | Entered Level 1 of the Lair of Beasts
  3687 | Lair:1   | Identified the +1 scale mail of Alaral {Int+4}
  3688 | Lair:1   | Found a runed translucent gate.
  3688 | Lair:1   | Found a runed translucent gate.
  3688 | Lair:1   | Found a runed translucent gate.
  3690 | Lair:1   | Noticed zishaf's ghost (journeyman TeAE)
  3709 | Lair:1   | Noticed Nergalle
  3869 | Lair:1   | Found a shimmering blue altar of Sif Muna.
  3919 | Lair:1   | Reached skill level 5 in Dodging
  4063 | Lair:1   | Reached **** piety under Wu Jian
  4197 | Lair:1   | Glimpsed the power of Zot.
  4276 | Lair:2   | Reached XP level 12. HP: 101/101 MP: 17/17
  4349 | Lair:2   | Noticed a death yak
  4586 | Lair:3   | Identified the +2 cloak "Fian Vuts" {rF- Will++ Regen+
                  | SInv}
  4647 | Lair:3   | Found a hole to the Spider Nest.
  4763 | Lair:3   | Reached skill level 10 in Fighting
  4818 | Lair:3   | Reached skill level 10 in Dodging
  5008 | Lair:3   | Reached skill level 5 in Spellcasting
  5031 | Lair:3   | Reached XP level 13. HP: 35/113 MP: 23/23
  5274 | Lair:4   | You fall into a shaft and drop 1 floor!
  5274 | Lair:5   | Entered Level 5 of the Lair of Beasts
  5324 | Lair:5   | Found a staircase to the Slime Pits.
  5375 | Lair:5   | Reached ***** piety under Wu Jian
  5484 | Lair:5   | Noticed a catoblepas
  5498 | Lair:5   | Killed a catoblepas
  5571 | Lair:5   | Noticed Nessos
  5655 | Lair:5   | Killed Nessos
  5670 | Lair:5   | Noticed a dire elephant
  5692 | Lair:5   | Killed a dire elephant
  5761 | Lair:5   | Noticed a seven-headed hydra
  5918 | Lair:4   | Reached skill level 10 in Armour
  6327 | Lair:5   | Reached XP level 14. HP: 28/129 MP: 24/24
  6507 | Lair:5   | HP: 6/132 [cane toad (17)]
  6507 | Lair:5   | Slain by a black mamba

Illustrated notes

Levels and vault maps discovered:
D:1:      spicycebolla_arrival_transporter_tutorial, layout_rooms, serial_shops,
          shop, serial_forest, infiniplex_forest_zigzag_1,
          infiniplex_forest_clump_diagonal, infiniplex_forest_lined_3,
          infiniplex_forest_corner_1, infiniplex_forest_clump_large,
          infiniplex_forest_split, infiniplex_forest_straight_2,
          infiniplex_forest_lined_3_way
D:2:      cheibrodos_pilgrimage, layout_basic, hangedman_abyss_or_decor_stabs,
          uniq_natasha, uniq_sigmund
D:3:      layout_basic, nicolae_ecumenical_oubliette, uniq_robin
D:4:      minmay_spotlight, layout_loops_ring, minmay_temple_entry_mini_moons,
          chequers_serial_rivers_small_3
D:5:      layout_cave_pools, grunt_temple_overflow_bloody_war, serial_park,
          serial_park_square1 [serial_park_minivault_5x5_7], serial_park_tiny_2,
          serial_park_fountain, kennysheep_small_square
D:6:      layout_rooms, nicolae_overflow_crystal_walls, zin_statuary,
          kennysheep_generic_room_10, uniq_prince_ribbit1, uniq_eustachio,
          uniq_edmund
D:7:      layout_loops_corners, grunt_ministairs_7, uniq_maggie
D:8:      layout_rooms, erik_lair_island, gammafunk_ghost_smash, serial_shops,
          nicolae_stop_n_shop_2
Temple:   dpeg_five_rooms_temple
Lair:1:   layout_long_grid, gammafunk_ghost_necromancy, lemuel_centaur_altar,
          uniq_nergalle
Lair:2:   layout_misc_corridors, nicolae_lair_grazing_beasts
          [nicolae_sub_lair_graze_edge, nicolae_sub_lair_graze_edge,
          nicolae_sub_lair_graze_edge, nicolae_sub_lair_graze_edge]
Lair:3:   layout_cave_pods, minmay_shoals_entry_hut,
          hellmonk_spider_entry_not_the_bees
Lair:4:   layout_regular_city, infiniplex_staircase_pool_2
Lair:5:   gammafunk_lair_ancient_temple, layout_long_grid, slime_entry_1,
          nicolae_lair_liquid_snakes, uniq_nessos

Skill      XL: |  1  2  3  4  5  6  7  8  9 10 11 12 13 14 |
---------------+-------------------------------------------+-----
Long Blades    | 3 4 5 6 7 8 9 11 13 14 | 14.0
Armour         | 2 3 5 10 | 10.0
Fighting       | 3 4 5 8 10 13 14 | 14.1
Translocations | 7 10 | 10.0
Air Magic      | 4 |  4.0
Dodging        | 7 10 | 10.0
Spellcasting   | 6 |  6.0
Throwing       | |  1.2

Action                   |  1- 3 |  4- 6 |  7- 9 | 10-12 | 13-15 || total
-------------------------+-------+-------+-------+-------+-------++-------
Melee: Falchion          |    81 |     1 |       |       |       ||    82
       Long sword        |       |    88 |   151 |   479 |   319 ||  1037
       Punch             |       |       |     3 |     6 |     8 ||    17
 Cast: Blink             |       |     1 |       |     1 |     1 ||     3
       Manifold Assault  |       |       |       |    25 |     4 ||    29
       Lesser Beckoning  |       |       |       |       |     1 ||     1
       Vhi's Electric Ch |       |       |       |       |     1 ||     1
Invok: Lunge             |       |       |     4 |    38 |    16 ||    58
       Whirlwind         |       |       |     1 |    29 |    11 ||    41
       Serpent's Lash    |       |       |       |       |     1 ||     1
Evoke: Wand              |       |       |       |     4 |     6 ||    10
  Use: Scroll            |       |     9 |     5 |     9 |     8 ||    31
       Potion            |       |     1 |       |     1 |     4 ||     6
Armor: Leather armour    |    28 |    12 |       |       |       ||    40
       Ring mail         |       |    10 |    61 |   117 |    87 ||   275
Dodge: Dodged            |    68 |    44 |    56 |   229 |   194 ||   591

Table legend: (Time is in decaauts)
 A = Elapsed time spent in this place.
 B = Non-inter-level travel time spent in this place.
 C = Inter-level travel time spent in this place.
 D = Time resting spent in this place.
 E = Time spent auto-exploring this place.
 F = Levels seen in this place.
 G = Mean time per level.
                   A        B        C        D        E       F      G
               +--------+--------+--------+--------+--------+-----+--------+
         Total |   6335 |   5938 |    397 |      0 |     33 |  14 |  452.5 |
       Dungeon |   3462 |   3253 |    209 |      0 |     33 |   8 |  432.8 |
        Temple |    189 |    116 |     73 |      0 |      0 |   1 |  189.0 |
          Lair |   2683 |   2568 |    115 |      0 |      0 |   5 |  536.6 |
               +--------+--------+--------+--------+--------+-----+--------+

Top non-repeatable levels by time:
  Lair:5: 832 daAuts
     D:3: 680 daAuts
     D:7: 585 daAuts
  Lair:3: 503 daAuts
  Lair:1: 500 daAuts
  Lair:4: 477 daAuts
     D:5: 421 daAuts
     D:4: 407 daAuts
     D:8: 405 daAuts
     D:6: 393 daAuts
  Lair:2: 370 daAuts
     D:1: 306 daAuts
     D:2: 261 daAuts
  Temple: 189 daAuts
